 Dungeon Crawl Stone Soup version 0.30-a0-358-g0d69a1922f (webtiles) character file.

Game seed: 2089498804463798403

7 Manisia the Stinger (level 2, -2/22 HPs)
             Began as a Naga Venom Mage on Nov 10, 2022.
             Slain by a hobgoblin (4 damage)
             ... on level 1 of the Dungeon.
             The game lasted 00:01:23 (326 turns).

Manisia the Stinger (Naga Venom Mage)                Turns: 326, Time: 00:01:24

Health: -2/22      AC:  1    Str: 10    XL:     2   Next: 4%
Magic:  1/5        EV:  9    Int: 15    God:
Gold:   6          SH:  0    Dex: 11    Spells: 2/5 levels left

rFire   . . .      SeeInvis +    (no weapon)
rCold   . . .      Faith    .    (no shield)
rNeg    . . .      Spirit   .    a - +0 robe
rPois   +          Reflect  .    (no helmet)
rElec   .          Harm     .    (no cloak)
rCorr   .          Rampage  .    (no gloves)
Will    .....                    (no barding)
Stlth   ++........               (no amulet)
HPRegen 0.23/turn                (no ring)
MPRegen 0.09/turn                (no ring)

@: very slow
A: AC +0, large, see invisible, deformed body, poison resistance, slowness 2,
spit poison 1, naga tail 1
a: Spit Poison


You were on level 1 of the Dungeon.
You visited 1 branch of the dungeon, and saw 1 of its levels.

You collected 6 gold pieces.

Inventory:

Armour
 a - a +0 robe (worn)
Potions
 b - a potion of magic
 c - a potion of cancellation {unknown}
 d - a potion of brilliance {unknown}


   Skills:
 + Level 1.6 Dodging
 + Level 3.0 Stealth
 + Level 2.0 Spellcasting
 + Level 1.1 Transmutations
 + Level 4.5 Poison Magic


You had 2 spell levels left.
You knew the following spells:

 Your Spells              Type           Power      Damage    Failure   Level
a - Sting                 Tmut/Pois      40%        1d5       7%          1
b - Poisonous Vapours     Pois/Air       16%        N/A       13%         2

Your spell library contained the following spells:

 Spells                   Type           Power      Damage    Failure   Level
 Mephitic Cloud           Conj/Pois/Air  6%         N/A       34%         3
 Olgreb's Toxic Radiance  Pois           15%        N/A       34%         4


Dungeon Overview and Level Annotations

Branches:
Dungeon (1/15)

Altars:


Innate Abilities, Weirdness & Mutations

Your serpentine skin is tough. (AC +0)
You have supernaturally acute eyesight. (SInv)
Armour fits poorly on your strangely shaped body.
Your system is resistant to poisons. (rPois)
You cover ground very slowly.
You can spit poison.
You have a snake-like lower body.


Message History

Aiming: Sting (safe; 7% risk of failure)
Press: ? - help, Shift-Dir - straight line, f/p - ball python
Aim: a ball python (moderately wounded, poisoned, 68% to hit)
The sting misses the ball python.
The goblin shouts!
You hear a bark!
Casting: Sting (safe; 7% risk of failure)
Confirm with . or Enter, or press ? or * to list all spells.
Aiming: Poisonous Vapours (safe; 13% risk of failure)
Press: ? - help, Dir - move target, f - goblin, p - ball python
Aim: a goblin, wielding a +0 dagger and wearing a +0 ring mail Poisonous vapours surround the goblin!
The goblin is poisoned.
The ball python bites you. The ball python bites you.
The goblin hits you with a +0 dagger.
A jackal comes into view.
The ball python attacks as you move away!
The ball python bites you. The goblin hits you but does no damage.
A hobgoblin comes into view.
The ball python bites you. The goblin attacks as you move away!
The goblin hits you with a +0 dagger.
The jackal barks!
The hobgoblin shouts!
The goblin looks more healthy.
A jackal comes into view.
The ball python bites you.
The jackal barks!
You see here 5 stones.
The ball python attacks as you move away!
The ball python bites you.
The ball python looks more healthy.
A jackal comes into view.
The ball python closely misses you.
The jackal barks!
A jackal comes into view.
The ball python bites you. The hobgoblin attacks as you move away!
The hobgoblin hits you.
* * * LOW HITPOINT WARNING * * *
The jackal bites you.
* * * LOW HITPOINT WARNING * * *
The jackal barely misses you. The ball python barely misses you.
The hobgoblin hits you.
You die...

####### #### #.....#
.....######## #.....#
............# ###.....#
####......##.### #...#...#
...#..###.##...# #...#...# #
...#..# #.####.####†..#...###...#
...#..###........g....#...'.....#
...#..##........@Sh..(...)###...#
......#..........ghh..#..## ..
#.#...†....#####....h....#
#†#......### #.........#
#......### #.........#
.....###.#. #....##...# ....##
#.. #........... #..##.#..#+##
#...###.#.## #.###.......#


You could see 4 jackals, a hobgoblin, a goblin and a ball python.

Vanquished Creatures
  A dart slug (D:1)
  A giant cockroach (D:1)
  A ball python (D:1)
  2 frilled lizards (D:1)
  2 rats (D:1)
7 creatures vanquished.

Notes
Turn   | Place    | Note
-------+----------+-------------------------------------------
     0 | D:1      | Manisia the Naga Venom Mage began the quest for the Orb.
     0 | D:1      | Reached XP level 1. HP: 15/15 MP: 3/3
   205 | D:1      | Reached XP level 2. HP: 22/22 MP: 1/5
   208 | D:1      | Learned a level 2 spell: Poisonous Vapours
   326 | D:1      | Slain by a hobgoblin

Illustrated notes

Levels and vault maps discovered:
D:1:      arrival_zaba_pyramid, layout_basic,
          shapermc_ecumenical_altar_notcrosses

Action                   || total
-------------------------++-------
 Cast: Sting             ||    13
       Poisonous Vapours ||     3
Armor: Robe              ||     1
Dodge: Dodged            ||     4

Table legend: (Time is in decaauts)
 A = Elapsed time spent in this place.
 B = Non-inter-level travel time spent in this place.
 C = Inter-level travel time spent in this place.
 D = Time resting spent in this place.
 E = Time spent auto-exploring this place.
 F = Levels seen in this place.
 G = Mean time per level.
                   A        B        C        D        E       F      G
               +--------+--------+--------+--------+--------+-----+--------+
         Total |    380 |    380 |      0 |     34 |    238 |   1 |  380.0 |
       Dungeon |    380 |    380 |      0 |     34 |    238 |   1 |  380.0 |
               +--------+--------+--------+--------+--------+-----+--------+

Top non-repeatable levels by time:
     D:1: 380 daAuts
